 Dungeon Crawl Stone Soup version 0.31.0-1-g2c135a008e (webtiles) character file.

Game seed: 13550572378816153299

128 qw the Shooter (level 5, -5/40 HPs)
             Began as a Djinni Hunter on Jan 23, 2024.
             Killed by divine providence
             ... invoked by an orc priest
              (16 damage)
             ... on level 3 of the Dungeon.
             The game lasted 00:00:06 (2010 turns).

qw the Shooter (Djinni Hunter)                      Turns: 2010, Time: 00:00:07

Health: -5/40      AC:  5    Str: 10    XL:     5   Next: 33%
Gold:   83         EV: 11    Int: 10    God:
                   SH:  0    Dex: 19

rFire   + + .        a - +0 shortbow
rCold   x . .        (shield currently unavailable)
rNeg    . . .        d - +0 ring mail
rPois   inf          (no helmet)
rElec   .            (no cloak)
rCorr   .            (no gloves)
SInv    .            (boots unavailable)
Will    .....        (no amulet)
Stlth   +            (no ring)
HPRegen 0.26/turn    (no ring)
MPRegen 0.00/turn

%: infuse magic (-6 HP)
@: flying
A: sickness immunity, fire resistance 2, cold vulnerability 1, float, innate
caster, HP casting, extra vitality 1
a: no special abilities


You were on level 3 of the Dungeon.
You visited 1 branch of the dungeon, and saw 3 of its levels.

You collected 83 gold pieces.


Innate Abilities, Weirdness & Mutations

You are immune to sickness and miasma.
You are immune to poison.
Your flesh is very heat resistant. (rF++)
You are vulnerable to cold. (rC-)
You float through the air rather than walking.
You learn spells naturally, not from books.
Your magical power is your life essence.
You have superior vitality. (+4 MHP)


   Skills:
 - Level 3.0 Fighting
 + Level 4.6 Ranged Weapons
 - Level 1.0 Armour
 - Level 2.1 Dodging
 - Level 0.7 Stealth


You knew the following spells:

 Your Spells              Type           Power      Damage    Failure   Level
a - Necrotise             Necr           0%         1d4       67%         1
b - Scorch                Fire           0%         2d5       82%         2
Your spell library was empty.

Inventory:

Hand Weapons
 a - a +0 shortbow (weapon)
Armour
 d - a +0 ring mail (worn)
Jewellery
 k - a +6 ring of strength
Wands
 c - a wand of polymorph (12)
Scrolls
 h - a scroll of vulnerability {unknown}
 i - a scroll of revelation {unknown}
 j - a scroll of teleportation {unknown}
 l - a scroll of identify {unknown}
 m - a scroll of amnesia {unknown}
Potions
 b - a potion of haste {unknown}
 e - a potion of mutation {unknown}
 f - a potion of ambrosia {unknown}
 g - a potion of attraction {unknown}

Dungeon Overview and Level Annotations

Branches:
Dungeon (3/15)

Altars:

Shops:
D:1 (


Message History

The orc priest closely misses you.
You shoot an arrow.
The arrow hits the orc priest but does no damage.
The orc priest hits you with a +0 hand axe.
The orc priest calls down the wrath of Beogh upon you.
Beogh smites you!
You shoot an arrow.
The arrow closely misses the orc priest.
The orc priest looks braver for a moment.
You shoot an arrow.
The arrow hits the orc priest but does no damage.
The orc priest misses you.
You shoot an arrow. The arrow barely misses the orc priest.
The orc priest misses you.
You shoot an arrow. The arrow barely misses the orc priest.
The orc priest hits you with a +0 hand axe.
The orc priest looks braver for a moment.
You shoot an arrow.
The arrow hits the orc priest but does no damage.
The orc priest closely misses you.
You shoot an arrow. The arrow hits the orc priest.
The orc priest is lightly wounded.
The orc priest hits you with a +0 hand axe.
You shoot an arrow. The arrow hits the orc priest.
The orc priest is moderately wounded.
The orc priest barely misses you.
The orc priest miscasts a cantrip.
You shoot an arrow.
The arrow hits the orc priest but does no damage.
The orc priest is moderately wounded.
The orc priest hits you but does no damage.
You shoot an arrow. The arrow hits the orc priest.
The orc priest is severely wounded.
The orc priest closely misses you.
You shoot an arrow.
The arrow hits the orc priest but does no damage.
The orc priest is severely wounded.
The orc priest invokes the aid of Beogh against you.
Beogh smites you!
You die...

# .# .. # .# .... #
.# ##'## # .#
##...## # .#
##.....###
###.######.......##
#.......#.........#
#.@o....'.........'
##....##.#...).....#
#...).# .##.......##
##...## .###.....##
##..### .# ##...##
#.....##.## ##...##
#.........###.....##
#..>....#.##.......#
#.....#..>#.........


You could see an orc priest.

Vanquished Creatures
  Terence (D:3)
  4 adders (D:2)
  3 ribbon worms
  A dart slug (D:1)
  4 orcs (D:3)
  3 endoplasms (D:1)
  3 giant cockroaches
  8 goblins
  6 hobgoblins
  A quokka (D:1)
  6 ball pythons
  5 bats
  A frilled lizard (D:2)
  3 kobolds (D:2)
  3 rats
52 creatures vanquished.

Notes
Turn   | Place    | Note
-------+----------+-------------------------------------------
     0 | D:1      | qw the Djinni Hunter began the quest for the Orb.
     0 | D:1      | Reached XP level 1. HP: 18/18 MP: 0/0
     0 | D:1      | 0 ||| qw: Version: 0.3-a-134-g2ba4250
     0 | D:1      | 0 ||| qw: Game counter: 738
     0 | D:1      | 0 ||| qw: Melee chars always use a shield: true
     0 | D:1      | 0 ||| qw: God list: Okawaru
     0 | D:1      | 0 ||| qw: Allow faded altars: false
     0 | D:1      | 0 ||| qw: Do Orc after clearing Dungeon:15 true
     0 | D:1      | 0 ||| qw: Do second Lair branch before Depths: true
     0 | D:1      | 0 ||| qw: Lair rune preference: random
     0 | D:1      | 0 ||| qw: Goals: Normal
     0 | D:1      | 0 ||| PLANNING D:1-11
    81 | D:1      | Reached XP level 2. HP: 23/23 MP: 0/0
   157 | D:1      | Found Ecuemew's Weapon Shop.
   573 | D:1      | Reached skill level 4 in Ranged Weapons
   573 | D:1      | Reached XP level 3. HP: 28/28 MP: 0/0
   573 | D:1      | Learned a level 1 spell: Necrotise
   581 | D:1      | 581 ||| UPGRADING to +0 ring mail.
   591 | D:1      | 591 ||| DROPPING +0 leather armour.
   592 | D:1      | 592 ||| DROPPING scroll of butterflies.
   619 | D:2      | Reached skill level 1 in Armour
   744 | D:2      | Reached XP level 4. HP: 32/34 MP: 0/0
   926 | D:2      | Reached skill level 3 in Fighting
  1601 | D:3      | Noticed Terence
  1611 | D:3      | HP: 7/35 [Terence/+0 flail (8)]
  1614 | D:3      | Killed Terence
  1615 | D:3      | Reached XP level 5. HP: 10/40 MP: 0/0
  1615 | D:3      | Learned a level 2 spell: Scorch
  2006 | D:3      | HP: 10/40 [orc priest/+0 hand axe (4)]
  2010 | D:3      | Killed from afar by an orc priest

Levels and vault maps discovered:
D:1:      amcnicky_arrival_single_pillar, layout_loops_cross, serial_shops,
          shop, bh_walls_and_bars
D:2:      layout_loops_ring
D:3:      layout_loops_corners, uniq_terence

Skill      XL: |  1  2  3  4 |
---------------+-------------+-----
Ranged Weapons | 4 |  4.6
Armour         | 1 |  1.0
Fighting       | 3 |  3.0
Dodging        | |  2.1
Stealth        | |  0.7

Action                     |  1- 3 |  4- 6 || total
---------------------------+-------+-------++-------
   Fire: Shortbow          |    56 |   121 ||   177
 Armour: Leather armour    |     2 |       ||     2
         Ring mail         |    10 |    46 ||    56
  Dodge: Dodged            |     7 |    45 ||    52

Table legend:
 A = Non-vault XP
 B = Vault XP
 C = Vault XP percentage of total XP
 D = Non-vault monster count
 E = Vault monster count
 F = Vault count percentage of total count
                 A         B        C        D         E       F
            +---------+---------+-------+---------+---------+-------
      Total |     147 |      36 |  19.7 |      51 |       1 |   1.9
            +---------+---------+-------+---------+---------+-------
        D:1 |      30 |       0 |   0.0 |      17 |       0 |   0.0
        D:2 |      85 |       0 |   0.0 |      22 |       0 |   0.0
        D:3 |      32 |      36 |  52.9 |      12 |       1 |   7.7
            +---------+---------+-------+---------+---------+-------
